 Dungeon Crawl Stone Soup version 0.27-a0-1149-g4505690ab0 (webtiles) character file.

Game seed: 12877752876261719948

8960 leviel the Cleaver (level 11, -1/97 HPs)
             Began as a Minotaur Fighter on May 13, 2021.
             Slain by a yak (4 damage)
             ... while petrified by a basilisk
             ... on level 10 of the Dungeon.
             The game lasted 00:16:39 (10382 turns).

leviel the Cleaver (Minotaur Fighter)              Turns: 10382, Time: 00:16:39

Health: -1/97      AC: 11    Str: 24    XL:     11   Next: 16%
Magic:  10/10      EV:  2    Int:  5    God:
Gold:   453        SH:  0    Dex: 10    Spells: 10/10 levels left

rFire    . . .     SeeInvis .   a - +7 broad axe (flame)
rCold    + . .     Faith    .   c - +0 kite shield
rNeg     + + +     Spirit   .   b - +0 scale mail
rPois    ∞         Reflect  .   (helmet restricted)
rElec    .         Harm     .   (no cloak)
rCorr    .         Rampage  .   t - +1 pair of gloves
Will     .....                  (no boots)
Stlth    ..........             C - amulet of regeneration
HPRegen  1.26/turn              l - ring of protection from cold
MPRegen  0.12/turn              (no ring)

@: petrified
A: horns 2, retaliatory headbutt
a: no special abilities


You were on level 10 of the Dungeon.
You visited 2 branches of the dungeon, and saw 11 of its levels.

You collected 595 gold pieces.
You spent 142 gold pieces at shops.

Inventory:

Hand Weapons
 a - a +7 broad axe of flaming (weapon)
 u - a +1 war axe of freezing
 A - a +0 broad axe
Missiles
 v - 5 atropa-tipped darts
 D - a throwing net
 E - a curare-tipped dart
Armour
 b - a +0 scale mail (worn)
 c - a +0 kite shield (worn)
 t - a +1 pair of gloves (worn)
Jewellery
 l - a ring of protection from cold (left hand)
 C - an amulet of regeneration (around neck)
 F - a +6 ring of dexterity
Wands
 e - a wand of iceblast (9) (quivered)
 k - a wand of flame (26)
 x - a wand of mindburst (13)
Scrolls
 d - 5 scrolls of teleportation
 f - a scroll of fear
 j - 2 scrolls of fog
 n - 4 scrolls of identify {@r1}
 B - a scroll of enchant armour {unknown}
Potions
 g - 3 potions of curing
 h - 2 potions of brilliance {unknown}
 i - a potion of magic {unknown}
 m - a potion of invisibility
 o - a potion of resistance
 p - 3 potions of heal wounds {unknown}
 q - 2 potions of mutation {unknown}
 r - 2 potions of lignification {unknown}
 s - a potion of ambrosia
 w - 3 potions of haste {unknown}
 z - a potion of cancellation {unknown}


   Skills:
 + Level 9.5 Fighting
 * Level 12.5 Axes
 + Level 3.5 Throwing
 + Level 9.6 Armour
 + Level 4.1 Dodging
 + Level 9.6 Shields


You had 10 spell levels left.
You didn't know any spells.
Your spell library contained the following spells:

 Spells                   Type           Power      Damage    Failure   Level
 Animate Skeleton         Necr           0%         N/A       92%         1
 Pain                     Necr           0%         1d4       92%         1
 Vampiric Draining        Necr           0%         2d6       100%        3
 Animate Dead             Necr           0%         N/A       100%        4
 Agony                    Necr           0%         N/A       100%        5


Dungeon Overview and Level Annotations

Branches:
Dungeon (10/15)            Temple (1/1) D:5
   Lair: D:8-11         Orc: D:9-12

Altars:
Ashenzari
Cheibriados
Dithmenos
Elyvilon
Fedhas
Gozag
Hepliaklqana
Kikubaaqudgha
Makhleb
Nemelex Xobeh
Okawaru
Qazlal
Ru
Sif Muna
Trog
Uskayaw
Vehumet
Wu Jian
Xom
Yredelemnul
The Shining One

Shops:
D:1 (*[(   D:3 =([=

Annotations:
D:3 1 runed translucent door, DrKleor's ghost, amateur GnFi


Innate Abilities, Weirdness & Mutations

You have a pair of horns on your head.
You reflexively headbutt those who attack you in melee.


Message History

You hit the wyvern. You burn the wyvern. You barely miss the yak.
You barely miss the basilisk. You block the wyvern's attack.
The basilisk gazes at you.
You are slowing down.
The yak gores the bush!
The wyvern bites you! The yak closely misses you.
You closely miss the wyvern.
The wyvern is almost dead.
You miss the basilisk. You barely miss the yak. The wyvern bites you.
The basilisk gazes at you.
Your limbs have turned to stone.
The yak gores the plant!
The plant begins to die.
The yak barely misses you. You furiously retaliate!
You headbutt the yak.
The yak gores the plant!
The wyvern bites you!
* * * LOW HITPOINT WARNING * * *
The yak gores the plant.
The basilisk bites you.
* * * LOW HITPOINT WARNING * * *
You have turned to stone.
The wyvern bites you but does no damage.
The yak gores you!
* * * LOW HITPOINT WARNING * * *
Something bites the plant.
The plant begins to die.
The basilisk bites you.
* * * LOW HITPOINT WARNING * * *
The yak gores the plant.
The wyvern completely misses you. The yak gores you!
* * * LOW HITPOINT WARNING * * *
The wyvern bites you!
* * * LOW HITPOINT WARNING * * *
The yak gores the plant.
The basilisk bites you!
* * * LOW HITPOINT WARNING * * *
A water moccasin comes into view.
The water moccasin hisses angrily.
You hear a bellow!
The wyvern bites you!
* * * LOW HITPOINT WARNING * * *
The yak gores you.
* * * LOW HITPOINT WARNING * * *
The basilisk gazes at you.
The yak gores the bush.
The wyvern bites you.
* * * LOW HITPOINT WARNING * * *
A nearby plant withers and dies.
The yak gores you!
You die...

..♣P.P....###
.Y..$..P....
.PP.S♣.....#
PY.P....P..#
.P.♣.......#
P..........#
......l...#
......Y@l#
#..#######


You could see 3 yaks, a basilisk, a water moccasin and a wyvern.

Vanquished Creatures
  A two-headed ogre (D:8)
  A centaur warrior (D:8)
  A deep elf pyromancer (D:9)
  2 ugly things (D:8)
  Joseph (D:9)
  Maggie (D:8)
  A troll (D:9)
  A shadow (D:9)
  Sigmund (D:2)
  A vampire (D:10)
  A wyvern (D:9)
  8 yaks (D:9)
  Duvessa (D:6)
  3 water moccasins
  5 orc warriors
  3 ice beasts
  A sky beast (D:7)
  2 necrophages
  3 ogres
  3 centaurs
  3 kobold brigands
  A gnoll sergeant (D:9)
  3 bullfrogs
  A scorpion (D:5)
  A water moccasin zombie (D:5)
  Dowan (D:6)
  9 wights
  A howler monkey (D:4)
  A bullfrog zombie (D:6)
  A centaur skeleton (D:5)
  3 centaur zombies
  A hound (D:6)
  A jelly (D:3)
  4 orc priests
  Terence (D:2)
  Jessica (D:2)
  2 iguanas (D:5)
  9 orc wizards
  9 adders
  9 gnolls
  3 white imps
  An ufetubus (D:4)
  An adder zombie (D:5)
  An adder skeleton (D:4)
  A worm (D:3)
  28 orcs
  11 ball pythons
  6 endoplasms
  A giant cockroach (D:2)
  8 goblins
  4 hobgoblins
  8 jackals
  6 quokkas
  6 bats
  2 frilled lizards
  21 kobolds
  7 rats
218 creatures vanquished.

Vanquished Creatures (others)
  10 plants
10 creatures vanquished.

Grand Total: 228 creatures vanquished

Notes
Turn   | Place    | Note
-------+----------+-------------------------------------------
     0 | D:1      | leviel the Minotaur Fighter began the quest for the Orb.
     0 | D:1      | Reached XP level 1. HP: 19/19 MP: 0/0
    77 | D:1      | Found Noir's Assorted Antiques.
   248 | D:1      | Found Dotsogy's Weapon Boutique.
   373 | D:1      | Reached XP level 2. HP: 27/27 MP: 1/1
   423 | D:1      | Reached skill level 3 in Axes
   617 | D:1      | Found Vevizih's Weapon Emporium.
   658 | D:1      | Found Doelyupp's Armour Shop.
   930 | D:2      | Reached XP level 3. HP: 26/33 MP: 2/2
   997 | D:2      | Found a faded altar of an unknown god.
  1069 | D:2      | Noticed Sigmund
  1078 | D:2      | Killed Sigmund
  1079 | D:2      | Reached skill level 4 in Axes
  1079 | D:2      | Reached XP level 4. HP: 31/41 MP: 3/3
  1079 | D:2      | Reached XP level 5. HP: 36/47 MP: 4/4
  1441 | D:2      | Noticed Terence
  1457 | D:2      | Killed Terence
  1458 | D:2      | Reached skill level 5 in Axes
  1857 | D:2      | Noticed Jessica
  1867 | D:2      | Killed Jessica
  1868 | D:2      | Reached XP level 6. HP: 46/55 MP: 5/5
  2076 | D:3      | Found a runed translucent door.
  2076 | D:3      | Noticed DrKleor's ghost (amateur GnFi)
  2193 | D:3      | Found a white marble altar of Elyvilon.
  2195 | D:3      | Found a sparkling altar of Nemelex Xobeh.
  2195 | D:3      | Found a shimmering altar of Xom.
  2197 | D:3      | Found a shimmering altar of Xom.
  2197 | D:3      | Found a broken altar of Ashenzari.
  2197 | D:3      | Found a glowing golden altar of the Shining One.
  2269 | D:3      | Reached skill level 5 in Armour
  2414 | D:3      | Found Tecirphe's Weapon Shoppe.
  2431 | D:3      | Found a shimmering blue altar of Sif Muna.
  2434 | D:3      | Reached skill level 5 in Fighting
  2434 | D:3      | Reached skill level 5 in Shields
  2462 | D:3      | Found Fuczuwn's Antique Armour Boutique.
  2652 | D:3      | Found Xiby's Jewellery Shoppe.
  2949 | D:3      | Found Duddet's Jewellery Shoppe.
  3672 | D:4      | Noticed a water moccasin
  3680 | D:4      | Killed a water moccasin
  3681 | D:4      | Reached skill level 6 in Axes
  3681 | D:4      | Reached XP level 7. HP: 38/61 MP: 6/6
  4608 | D:5      | Entered Level 5 of the Dungeon
  4757 | D:5      | Found a staircase to the Ecumenical Temple.
  4763 | D:5      | Reached skill level 7 in Axes
  4919 | D:6      | Reached XP level 8. HP: 65/70 MP: 7/7
  4970 | Temple   | Entered the Ecumenical Temple
  5278 | D:5      | Identified the +1 helmet "Kecaereto" {Dex+3}
  5614 | D:1      | Bought a +1 broad axe of flaming for 142 gold pieces
  6198 | D:6      | Reached skill level 8 in Axes
  6317 | D:6      | Noticed Duvessa
  6317 | D:6      | Noticed Dowan
  6322 | D:6      | Killed Duvessa
  6329 | D:6      | Killed Dowan
  6722 | D:7      | Found a sparkling altar of Nemelex Xobeh.
  6792 | D:7      | Reached skill level 9 in Axes
  6846 | D:7      | Reached XP level 9. HP: 36/79 MP: 8/8
  7820 | D:7      | Found an ancient bone altar of Kikubaaqudgha.
  8017 | D:8      | Noticed a two-headed ogre
  8022 | D:8      | Killed a two-headed ogre
  8023 | D:8      | Reached skill level 10 in Axes
  8105 | D:8      | Noticed a cyan ugly thing
  8114 | D:8      | Killed a cyan ugly thing
  8180 | D:8      | Noticed a centaur warrior
  8189 | D:8      | Killed a centaur warrior
  8190 | D:8      | Reached skill level 11 in Axes
  8190 | D:8      | Reached skill level 1 in Throwing
  8190 | D:8      | Reached skill level 1 in Dodging
  8190 | D:8      | Reached XP level 10. HP: 51/90 MP: 9/9
  8743 | D:8      | Noticed a cyan ugly thing
  8776 | D:8      | Killed a cyan ugly thing
  9119 | D:9      | Noticed Maggie
  9126 | D:8      | Killed Maggie
  9178 | D:9      | Found a white marble altar of Elyvilon.
  9594 | D:9      | Noticed a deep elf pyromancer
  9609 | D:9      | Reached skill level 12 in Axes
  9834 | D:9      | Killed a deep elf pyromancer
  9835 | D:9      | Reached XP level 11. HP: 78/97 MP: 10/10
 10129 | D:9      | Noticed Joseph
 10141 | D:9      | Killed Joseph
 10354 | D:10     | Entered Level 10 of the Dungeon
 10381 | D:10     | HP: 3/97 [yak (2)]
 10381 | D:10     | HP: 1/97 [wyvern (2)]
 10382 | D:10     | Slain by a yak

Illustrated notes

Levels and vault maps discovered:
D:1:      dpeg_arrival_rhombi, layout_loops_ring, serial_shops, shop, shop,
          shop_statue, shop_statue
D:2:      layout_loops_ring, shapermc_ecumenical_altar_totnotflames,
          uniq_terence, uniq_sigmund, uniq_jessica
D:3:      layout_basic, doesnt_xom_only_xom, lemuel_round_altar, serial_shops,
          shop, nicolae_shop_crystal, nicolae_shop_overgrown_old_shop,
          nicolae_shop_temple_entry_statues_fountains, gammafunk_ghost_grave
D:4:      minmay_chambers_of_twos, layout_loops_ring, kennysheep_generic_room_15
D:5:      layout_cave_pools
D:6:      minmay_skewed_foursquare, layout_gridville, uniq_duvessa
D:7:      layout_loops_ring, lemuel_round_altar,
          nemelex_xobeh_ov_fountains_minmay
D:8:      layout_loops_ring, wad_mini_maze
D:9:      layout_loops_ring, elyvilon_altar_1, hangedman_decor_growths,
          grunt_potential, uniq_joseph, uniq_maggie
D:10:     minmay_the_grid_4x2 [minmay_the_grid_armoury, minmay_the_grid_tree,
          minmay_the_grid_all_tris, minmay_the_grid_slots,
          minmay_the_grid_minigrid_small, minmay_the_grid_outer_circle,
          minmay_the_grid_holed_spiral, minmay_the_grid_prize_big_room],
          layout_rooms, zin_treasury, minmay_lair_entry_grove, serial_shops,
          shop, grunt_ministairs_1, hangedman_corner_corridor
Temple:   regret_index_temple_sphere_string

Skill      XL: |  1  2  3  4  5  6  7  8  9 10 11 |
---------------+----------------------------------+-----
Axes           | 3 4 5 6 7 9 11 12 | 12.5
Fighting       | 4 5 6 7 8 9 |  9.5
Armour         | 4 5 6 7 8 9 |  9.6
Shields        | 4 5 6 7 8 9 |  9.6
Throwing       | 1 3 |  3.5
Dodging        | 1 3 4 |  4.1

Action                   |  1- 3 |  4- 6 |  7- 9 | 10-12 || total
-------------------------+-------+-------+-------+-------++-------
Melee: War axe           |    55 |   110 |    75 |       ||   240
       Headbutt          |     7 |    16 |    37 |    44 ||   104
       Broad axe         |       |       |    91 |   203 ||   294
Evoke: Wand              |       |       |     3 |       ||     3
  Use: Potion            |     1 |     2 |       |     2 ||     5
       Scroll            |       |     5 |    14 |     1 ||    20
Armor: Scale mail        |    25 |    39 |    67 |    64 ||   195
Dodge: Dodged            |    12 |    37 |    42 |    48 ||   139
Block: Kite shield       |    27 |    56 |    96 |   133 ||   312

Table legend: (Time is in decaauts)
 A = Elapsed time spent in this place.
 B = Non-inter-level travel time spent in this place.
 C = Inter-level travel time spent in this place.
 D = Time resting spent in this place.
 E = Time spent auto-exploring this place.
 F = Levels seen in this place.
 G = Mean time per level.
                   A        B        C        D        E       F      G
               +--------+--------+--------+--------+--------+-----+--------+
         Total |  10551 |   9725 |    826 |   1159 |   7178 |  11 |  959.2 |
       Dungeon |  10369 |   9584 |    785 |   1159 |   7036 |  10 | 1036.9 |
        Temple |    182 |    142 |     40 |      0 |    142 |   1 |  182.0 |
               +--------+--------+--------+--------+--------+-----+--------+

Top non-repeatable levels by time:
     D:4: 1562 daAuts
     D:2: 1349 daAuts
     D:7: 1262 daAuts
     D:9: 1245 daAuts
     D:8: 1185 daAuts
     D:3: 1115 daAuts
     D:6: 973 daAuts
     D:1: 932 daAuts
     D:5: 725 daAuts
  Temple: 182 daAuts
    D:10: 16 daAuts
